[Event "Team 45 45 League T96"]
[Site "Internet Chess Club"]
[Date "2023.07.01"]
[Round "8"]
[White "primerpaso"]
[Black "Goli"]
[Result "0-1"]
[WhiteElo "1755"]
[BlackElo "1814"]
[Opening "English opening"]
[ECO "A16"]
[Time "16:00:14"]
[PlyCount "104"]
[TimeControl "2700+45"]

1. c4 Nf6 2. Nc3 g6 3. g3 Bg7 4. Bg2 d6 5. e4 O-O 6. Nge2 c6 7. O-O Nbd7 8. d4
e5 9. h3 a5 10. Be3 exd4 11. Nxd4 Nc5 12. Qc2 Qc7 13. Rfd1 Re8 14. Kh2 Nh5 15.
Nde2 Be6 16. b3 Rad8 17. f4 Bc8 18. Rac1 Qe7 19. Bf2 Bh6 20. Bf3 Nf6 21. Bxc5
dxc5 22. Rxd8 Rxd8 23. g4 Bxf4+ 24. Nxf4 Qe5 25. Ne2 g5 26. Qc3 Qxc3 27. Rxc3
gxf4 28. g5 Ne8 29. a4 Rd2 30. h4 f6 31. Kg1 fxg5 32. hxg5 Nc7 33. Nxf4 Ne6 34.
Nxe6 Bxe6 35. Kf1 Kg7 36. Ke1 Rd4 37. Bg2 Kg6 38. Rg3 b5 39. cxb5 cxb5 40. axb5
Rb4 41. Bf1 Bxb3 42. Kd2 a4 43. Kc3 a3 44. Bd3 Be6 45. Rg1 Rb3+ 46. Kd2 c4 47.
Bc2 Rxb5 48. e5+ Bf5 49. Ba4 Rxe5 50. Ra1 Ra5 51. Rxa3 Kxg5 52. Ra2 Bd7 {White
resigns} 0-1

[Event "Team 45 45 League T96"]
[Site "Internet Chess Club"]
[Date "2023.07.02"]
[Round "8"]
[White "fhunfi"]
[Black "mandrull"]
[Result "1-0"]
[WhiteElo "1740"]
[BlackElo "1627"]
[Opening "Caro-Kann defense"]
[ECO "B10"]
[Time "04:00:40"]
[PlyCount "173"]
[TimeControl "2700+45"]

1. e4 c6 2. Nf3 d5 3. exd5 cxd5 4. d4 Nc6 5. Ne5 Nxe5 6. dxe5 e6 7. Bd3 Bc5 8.
Qe2 Ne7 9. Bf4 Ng6 10. Bg3 Qc7 11. Nd2 Bd4 12. c3 Bxe5 13. Bxg6 Bxg3 14. Bxf7+
Qxf7 15. hxg3 Bd7 16. Nf3 Qf5 17. O-O-O O-O-O 18. Rhe1 Rhf8 19. Rd2 Rf6 20. Ne5
a6 21. Qe3 Kb8 22. Qb6 Rff8 23. Nxd7+ Rxd7 24. Qxe6 Qxe6 25. Rxe6 Kc7 26. Rde2
Rff7 27. f3 d4 28. cxd4 Rxd4 29. Re7+ Rd7 30. Re8 Kb6 31. Rc8 Kb5 32. Kc2 Rf6
33. Rd2 Re7 34. b3 Rfe6 35. Kb2 Ka5 36. Rdc2 Kb6 37. Rd2 Kb5 38. Rcd8 Kc6 39. a4
Kc7 40. R8d5 Kc6 41. b4 Re3 42. a5 Kc7 43. Rc5+ Kb8 44. Rd8+ Ka7 45. Rcc8 Re2+
46. Kc1 b5 47. Ra8+ Kb7 48. Rab8+ Ka7 49. Ra8+ Kb7 50. Rdb8+ Kc6 51. Rxa6+ Kd5
52. Rxb5+ Kc4 53. Rc5+ Kxb4 54. Rc2 R2e5 55. Kb2 Re3 56. Rb6+ Kxa5 57. Rb3 Rxb3+
58. Kxb3 Kb5 59. Rc8 Re3+ 60. Rc3 Re2 61. Rc7 Re3+ 62. Kc2 Re2+ 63. Kd3 Rxg2 64.
Rxg7 h5 65. Rg5+ Kc6 66. Ke4 Kd6 67. Kf4 Rh2 68. Rg6+ Ke7 69. Kg5 Rh3 70. g4
Rxf3 71. Kxh5 Kf7 72. Ra6 Rb3 73. Ra7+ Kg8 74. g5 Rh3+ 75. Kg6 Kf8 76. Ra8+ Ke7
77. Kg7 Ke6 78. g6 Ke7 79. Ra7+ Ke6 80. Kg8 Rh6 81. g7 Rh2 82. Ra4 Ke7 83. Re4+
Kd7 84. Kf7 Rf2+ 85. Kg6 Rg2+ 86. Kf6 Rf2+ 87. Kg5 {Black resigns} 1-0

[Event "Team 45 45 League T96"]
[Site "Internet Chess Club"]
[Date "2023.07.02"]
[Round "8"]
[White "julesraider"]
[Black "ChessMaine"]
[Result "1-0"]
[WhiteElo "1581"]
[BlackElo "1508"]
[Opening "QGD: Lasker defense"]
[ECO "D56"]
[Time "18:00:20"]
[PlyCount "105"]
[TimeControl "2700+45"]

1. d4 d5 2. c4 e6 3. Nf3 Nf6 4. Bg5 Be7 5. Nc3 O-O 6. e3 h6 7. Bh4 Ne4 8. Bxe7
Qxe7 9. Rc1 Nxc3 10. Rxc3 Nd7 11. cxd5 Nf6 12. Bd3 exd5 13. O-O Ne4 14. Rc2 Bg4
15. h3 Bh5 16. Be2 c6 17. a3 Rfe8 18. b4 Rac8 19. Qd3 Bg6 20. Ne5 Bh7 21. Qd1
Nd6 22. Bd3 Bxd3 23. Qxd3 Ne4 24. Rfc1 f6 25. Ng6 Qf7 26. Nf4 g5 27. Ne2 Qd7 28.
Nc3 f5 29. b5 c5 30. dxc5 Rxc5 31. a4 Rec8 32. Nxe4 fxe4 33. Qd2 Rxc2 34. Rxc2
Rxc2 35. Qxc2 Kf7 36. Qc5 b6 37. Qc3 Qd6 38. Qh8 Qf6 39. Qh7+ Qg7 40. Qf5+ Qf6
41. Qxd5+ Ke7 42. Qb7+ Ke6 43. Qxe4+ Kd7 44. Qb7+ Ke6 45. Qxa7 Qa1+ 46. Kh2 Qe5+
47. g3 Qf5 48. Qxb6+ Ke7 49. Qc7+ Ke8 50. Qc6+ Ke7 51. Kg2 h5 52. b6 g4 53. h4
{Black forfeits on time} 1-0

[Event "Team 45 45 League T96"]
[Site "Internet Chess Club"]
[Date "2023.07.01"]
[Round "8"]
[White "Alec-hine"]
[Black "LookImYourVader"]
[Result "1-0"]
[WhiteElo "1924"]
[BlackElo "1738"]
[Opening "Trompowsky attack (Ruth, Opocenský opening)"]
[ECO "A45"]
[Time "15:01:00"]
[PlyCount "85"]
[TimeControl "2700+45"]

1. d4 Nf6 2. Bg5 c5 3. Bxf6 gxf6 4. d5 Qb6 5. Qc1 f5 6. c4 Bg7 7. Nc3 d6 8. e3
Nd7 9. Qc2 Nf6 10. Bd3 e6 11. Nge2 Bd7 12. O-O O-O 13. Rad1 Rae8 14. b3 Qb4 15.
e4 fxe4 16. Nxe4 Nxe4 17. Bxe4 f5 18. dxe6 Bxe6 19. Bd5 Be5 20. Kh1 b5 21. Ng1
bxc4 22. bxc4 Bd4 23. Bxe6+ Rxe6 24. Nf3 Re4 25. Rd2 Rfe8 26. Rfd1 Qc3 27. h3
Qxc2 28. Rxc2 Re2 29. Rdd2 Rxd2 30. Rxd2 Re4 31. Nxd4 Rxd4 32. Rxd4 cxd4 33. Kg1
Kf7 34. Kf1 Ke6 35. Ke2 Ke5 36. Kd3 h6 37. g3 h5 38. f4+ Ke6 39. Kxd4 a6 40. a3
a5 41. a4 Ke7 42. Kd5 Kd7 43. c5 {Black resigns} 1-0

[Event "Team 45 45 League T96"]
[Site "Internet Chess Club"]
[Date "2023.07.02"]
[Round "8"]
[White "fishhead"]
[Black "timcent"]
[Result "0-1"]
[WhiteElo "1609"]
[BlackElo "1891"]
[Opening "Sicilian: Sozin, Benkö variation"]
[ECO "B57"]
[Time "13:00:22"]
[PlyCount "92"]
[TimeControl "2700+45"]

1. e4 c5 2. Nf3 Nc6 3. d4 cxd4 4. Nxd4 Nf6 5. Nc3 d6 6. Bc4 Qb6 7. Nxc6 bxc6 8.
Bb3 Ba6 9. Be3 Qc7 10. f3 g6 11. Na4 Bg7 12. c4 O-O 13. Qc2 Nd7 14. O-O-O c5 15.
Bd2 Ne5 16. Kb1 Nc6 17. Nc3 Nd4 18. Nd5 Qb7 19. Qd3 e6 20. Ne3 Rab8 21. Bc3 Rfd8
22. Ba4 d5 23. b3 Qe7 24. exd5 exd5 25. Rhe1 Qf6 26. Bb5 Bxb5 27. cxb5 Qb6 28.
a4 a6 29. b4 axb5 30. a5 Qc6 31. bxc5 Qxc5 32. Kb2 Ne6 33. Bxg7 Kxg7 34. Nxd5 b4
35. Qe4 Qxa5 36. Qe5+ Kh6 37. Qe3+ g5 38. Nf6 b3 39. Ng4+ Kg7 40. Qc3+ Qxc3+ 41.
Kxc3 Rdc8+ 42. Kd3 Nf4+ 43. Ke4 b2 44. Kf5 Rc5+ 45. Ne5 Ng6 46. Rb1 f6 {White
resigns} 0-1

[Event "Team 45 45 League T96"]
[Site "Internet Chess Club"]
[Date "2023.07.04"]
[Round "8"]
[White "jonesey"]
[Black "Tufnell"]
[Result "0-1"]
[WhiteElo "1856"]
[BlackElo "2007"]
[Opening "Sicilian: Richter-Rauzer, Richter attack"]
[ECO "B62"]
[Time "12:01:01"]
[PlyCount "60"]
[TimeControl "2700+45"]

1. e4 c5 2. Nf3 d6 3. d4 cxd4 4. Nxd4 Nf6 5. Nc3 Nc6 6. Bg5 e6 7. Nxc6 bxc6 8.
e5 dxe5 9. Qf3 Bd7 10. Bc4 Be7 11. O-O Nd5 12. Bxe7 Qxe7 13. Rae1 f6 14. Bb3 O-O
15. Re4 Rad8 16. Ne2 Bc8 17. Qg3 Nb6 18. f4 c5 19. c4 Bb7 20. Re3 e4 21. f5 e5
22. Nc3 Rd2 23. Qe1 Rd4 24. Nb5 Rfd8 25. Nxd4 exd4 26. Rh3 e3 27. Qh4 h6 28. Qg4
e2 29. Re1 d3 30. Rxh6 Qe3+ {White resigns} 0-1

[Event "Team 45 45 League T96"]
[Site "Internet Chess Club"]
[Date "2023.07.02"]
[Round "8"]
[White "Pruett1988"]
[Black "pmarcal"]
[Result "1-0"]
[WhiteElo "1738"]
[BlackElo "1689"]
[Opening "English: symmetrical variation"]
[ECO "A32"]
[Time "20:04:00"]
[PlyCount "75"]
[TimeControl "2700+45"]

1. c4 c5 2. Nf3 Nf6 3. d4 cxd4 4. Nxd4 e6 5. Nc3 a6 6. g3 Nc6 7. Bg2 Be7 8. O-O
O-O 9. b3 Qc7 10. Bb2 b6 11. Rc1 Bb7 12. Nd5 Qd8 13. Nxe7+ Qxe7 14. e4 d6 15.
Nxc6 Bxc6 16. e5 Bxg2 17. exf6 Qb7 18. Qg4 g6 19. Rfe1 h5 20. Qh4 Kh7 21. Rc3
Bh1 22. Qh3 Bf3 23. Bc1 Bg4 24. Qh4 Rh8 25. f3 Bf5 26. Qf4 Kg8 27. Qxd6 h4 28.
g4 Bb1 29. Bg5 h3 30. Rxb1 Kh7 31. Qg3 Rad8 32. Qxh3+ Kg8 33. Qf1 Qc7 34. h4 Qe5
35. Qe1 Qd4+ 36. Qe3 Qd6 37. Kg2 Qa3 38. Rc2 {Black resigns} 1-0

[Event "Team 45 45 League T96"]
[Site "Internet Chess Club"]
[Date "2023.07.02"]
[Round "8"]
[White "ghowell"]
[Black "Lawkeito"]
[Result "0-1"]
[WhiteElo "1625"]
[BlackElo "1760"]
[Opening "Sicilian: Alapin's variation (2.c3)"]
[ECO "B22"]
[Time "12:07:46"]
[PlyCount "70"]
[TimeControl "2700+45"]

1. e4 c5 2. c3 Nf6 3. e5 Nd5 4. d4 cxd4 5. cxd4 d6 6. Bc4 Be6 7. Qb3 dxe5 8. Nf3
b6 9. Nxe5 Qd6 10. Qb5+ Nd7 11. Nxd7 Qxd7 12. Qxd7+ Kxd7 13. Nc3 Nxc3 14. Bxe6+
Kxe6 15. bxc3 Rc8 16. Kd2 g6 17. Ba3 Kd7 18. Rhe1 e6 19. Bxf8 Rhxf8 20. f4 h5
21. h4 Rc4 22. a4 Rfc8 23. Ra3 a6 24. Rb1 R8c6 25. Rb4 Rxb4 26. cxb4 Rc4 27. Rb3
Rxd4+ 28. Rd3 Rxd3+ 29. Kxd3 Kd6 30. Kd4 f6 31. g3 e5+ 32. fxe5+ fxe5+ 33. Ke4
Ke6 34. Kf3 Kd5 35. g4 Kd4 {White resigns} 0-1

[Event "Team 45 45 League T96"]
[Site "Internet Chess Club"]
[Date "2023.06.28"]
[Round "8"]
[White "room-matt"]
[Black "Alec-hine"]
[Result "1/2-1/2"]
[WhiteElo "1809"]
[BlackElo "1915"]
[Opening "French: Winawer, advance, Bogolyubov variation"]
[ECO "C17"]
[Time "13:00:53"]
[PlyCount "84"]
[TimeControl "2700+45"]

1. e4 e6 2. d4 d5 3. Nc3 Bb4 4. e5 c5 5. Bd2 Ne7 6. f4 O-O 7. Nf3 cxd4 8. Nb5
Bc5 9. b4 Bb6 10. Bd3 f6 11. exf6 Rxf6 12. Nbxd4 Nbc6 13. Nxc6 bxc6 14. Ne5 c5
15. Qh5 Nf5 16. g4 g6 17. Qh3 Ne7 18. g5 Rf8 19. Rf1 Nf5 20. c3 Bb7 21. Rb1 cxb4
22. Rxb4 Qc7 23. Rb3 Bc5 24. Ke2 a5 25. Rfb1 Bc8 26. Ng4 a4 27. R3b2 Ba3 28.
Nf6+ Rxf6 29. gxf6 Bxb2 30. Rxb2 Ba6 31. Bxa6 Rxa6 32. Qd3 Rb6 33. Rb4 Rxb4 34.
cxb4 Qb6 35. Qh3 h5 36. a3 Kf7 37. Bc3 d4 38. Ba1 Ne3 39. Bxd4 Qxd4 40. Qxe3
Qb2+ 41. Kf3 Kxf6 42. h3 Qb3 {Game drawn by mutual agreement} 1/2-1/2

[Event "Team 45 45 League T96"]
[Site "Internet Chess Club"]
[Date "2023.07.01"]
[Round "8"]
[White "MichaelIC"]
[Black "Beetlejuice"]
[Result "1-0"]
[WhiteElo "2063"]
[BlackElo "1693"]
[Opening "Dutch, 2.Bg5 variation"]
[ECO "A80"]
[Time "14:00:15"]
[PlyCount "63"]
[TimeControl "2700+45"]

1. d4 f5 2. Bg5 h6 3. Bh4 g5 4. e4 Bg7 5. Bg3 d6 6. Bc4 d5 7. exd5 f4 8. Bxf4
gxf4 9. Ne2 Nf6 10. Nxf4 Bf5 11. O-O Qd6 12. g3 Nbd7 13. Nc3 a6 14. a4 O-O 15.
Re1 Kh8 16. Bd3 Bxd3 17. Qxd3 Rfe8 18. Re6 Qb4 19. Nd1 c5 20. c3 Qa5 21. Ne3 Nf8
22. Ng6+ Kg8 23. Nxf8 Rxf8 24. Qg6 Rf7 25. Nf5 Kf8 26. d6 exd6 27. Rxf6 Bxf6 28.
Nxh6 Qc7 29. Qg8+ Ke7 30. Qxf7+ Kd8 31. Qf8+ Kd7 32. Qxa8 {Black resigns} 1-0

[Event "Team 45 45 League T96"]
[Site "Internet Chess Club"]
[Date "2023.07.01"]
[Round "8"]
[White "bobhill"]
[Black "JACampbell"]
[Result "1-0"]
[WhiteElo "1882"]
[BlackElo "1651"]
[Opening "King's Indian: Torre attack"]
[ECO "A48"]
[Time "08:00:11"]
[PlyCount "87"]
[TimeControl "2700+45"]

1. d4 Nf6 2. Nf3 g6 3. Bg5 Bg7 4. Nbd2 d5 5. e3 O-O 6. Bd3 c5 7. c3 Nbd7 8. O-O
b6 9. Re1 Bb7 10. h3 Ne4 11. Bf4 e6 12. Qe2 Qe7 13. Rac1 f6 14. Bb1 Kh8 15. Nxe4
dxe4 16. Nd2 e5 17. dxe5 fxe5 18. Bg3 Nf6 19. Bh4 Qe6 20. Bxf6 Rxf6 21. Bxe4
Bxe4 22. Nxe4 Rf5 23. b3 Raf8 24. f3 c4 25. b4 Rd8 26. Rcd1 Rff8 27. Rd2 Rxd2
28. Qxd2 Bf6 29. Rd1 Rd8 30. Qe2 Qe7 31. Rxd8+ Qxd8 32. Nxf6 Qxf6 33. Qxc4 Qe7
34. a4 Kg7 35. Qd5 Kh6 36. e4 Qg5 37. Qd3 Kh5 38. Kf2 Kh4 39. Qe3 Qg3+ 40. Kf1
g5 41. Qf2 h5 42. c4 g4 43. hxg4 hxg4 44. c5 {Black resigns} 1-0

[Event "Team 45 45 League T96"]
[Site "Internet Chess Club"]
[Date "2023.07.02"]
[Round "8"]
[White "DaveTheRook"]
[Black "discipulo"]
[Result "1/2-1/2"]
[WhiteElo "1446"]
[BlackElo "1702"]
[Opening "Réti opening"]
[ECO "A05"]
[Time "14:00:27"]
[PlyCount "109"]
[TimeControl "2700+45"]

1. Nf3 Nf6 2. g3 d5 3. Bg2 c5 4. d3 Nc6 5. O-O e5 6. Nbd2 Be7 7. c3 O-O 8. Re1
e4 9. dxe4 dxe4 10. Ng5 e3 11. Nde4 exf2+ 12. Nxf2 Qb6 13. Qb3 h6 14. Qxb6 axb6
15. Nf3 Be6 16. b3 Bxb3 17. a3 Rfd8 18. Nd2 Bd5 19. e4 Be6 20. e5 Nd7 21. Nf3
Bd5 22. Ng4 h5 23. Ne3 Be6 24. Rb1 Ndxe5 25. Nxe5 Nxe5 26. Bxb7 Rab8 27. Be4 Nd3
28. Rd1 Nxc1 29. Rbxc1 Bg5 30. Kf2 f5 31. Bf3 h4 32. Rb1 Rxd1 33. Rxd1 hxg3+ 34.
hxg3 Rd8 35. Nd5 Bxd5 36. Rxd5 g6 37. Rxd8+ Bxd8 38. c4 Kf7 39. Bd5+ Kf6 40. Kf3
Ke5 41. g4 f4 42. Bf7 g5 43. Be8 Kd4 44. Bb5 Kc3 45. Ke2 Bf6 46. a4 Bd4 47. Ba6
Be3 48. Bb5 Kd4 49. Kf3 Kc3 50. Ke2 Bc1 51. Ba6 Kd4 52. Kf3 Kd3 53. Bb5 Kd2 54.
Ba6 Ke1 55. Bb5 {Game drawn by mutual agreement} 1/2-1/2

[Event "Team 45 45 League T96"]
[Site "Internet Chess Club"]
[Date "2023.07.01"]
[Round "8"]
[White "garytd"]
[Black "julesraider"]
[Result "1/2-1/2"]
[WhiteElo "1442"]
[BlackElo "1567"]
[Opening "Caro-Kann: advance variation"]
[ECO "B12"]
[Time "14:01:04"]
[PlyCount "54"]
[TimeControl "2700+45"]

1. e4 c6 2. d4 d5 3. e5 c5 4. Nf3 Nc6 5. c3 Bg4 6. Be2 e6 7. O-O cxd4 8. cxd4
Qb6 9. Nc3 Bxf3 10. gxf3 Nge7 11. Bb5 a6 12. Bxc6+ Nxc6 13. Ne2 Be7 14. a3 Rc8
15. b4 O-O 16. Be3 f6 17. f4 f5 18. Nc3 Na7 19. Na4 Qb5 20. Nc5 Qc6 21. Rc1 Rfe8
22. Qh5 g6 23. Qh6 Bf8 24. Qg5 Be7 25. Qh6 Bf8 26. Qg5 Be7 27. Qh6 Bf8 {Game
drawn by repetition} 1/2-1/2

[Event "Team 45 45 League T96"]
[Site "Internet Chess Club"]
[Date "2023.07.01"]
[Round "8"]
[White "mongmong"]
[Black "herrahuu"]
[Result "1-0"]
[WhiteElo "1457"]
[BlackElo "1410"]
[Opening "King's Indian: 6.Be2"]
[ECO "E91"]
[Time "10:00:25"]
[PlyCount "97"]
[TimeControl "2700+45"]

1. d4 Nf6 2. Nf3 g6 3. c4 Bg7 4. Nc3 O-O 5. e4 d6 6. Be2 Nbd7 7. Be3 e5 8. O-O
Ng4 9. Bg5 f6 10. Bh4 g5 11. Bg3 h5 12. h3 Nh6 13. dxe5 fxe5 14. Qd2 g4 15. hxg4
hxg4 16. Nh2 Nf6 17. Bh4 Qe8 18. Bxf6 Rxf6 19. Nd5 Rf7 20. Qg5 Qd7 21. Ne3 Qe7
22. Qxe7 Rxe7 23. Nexg4 Bd7 24. Rad1 Nf7 25. Bd3 Nh8 26. Ne3 c6 27. Be2 Nf7 28.
Bg4 Bxg4 29. Nhxg4 Re6 30. Nf5 Bf8 31. f3 Kh7 32. Kf2 Rd8 33. Rh1+ Kg8 34. Rh2
d5 35. c5 d4 36. b4 b6 37. cxb6 axb6 38. a3 c5 39. bxc5 Bxc5 40. Ke2 Bxa3 41.
Nfh6+ Nxh6 42. Nxh6+ Kf8 43. Nf5 Kf7 44. Rh7+ Kg6 45. Rg7+ Kf6 46. Rh1 d3+ 47.
Kd2 Bb4+ 48. Kd1 d2 49. Rh6# {Black checkmated} 1-0

[Event "Team 45 45 League T96"]
[Site "Internet Chess Club"]
[Date "2023.07.03"]
[Round "8"]
[White "Electryon"]
[Black "Gilguli"]
[Result "0-1"]
[WhiteElo "1464"]
[BlackElo "1494"]
[Opening "Ruy Lopez: old Steinitz defense"]
[ECO "C62"]
[Time "15:00:45"]
[PlyCount "122"]
[TimeControl "2700+45"]

1. e4 e5 2. Nf3 Nc6 3. Bb5 d6 4. O-O g6 5. d4 exd4 6. Bg5 f6 7. Qxd4 Bd7 8. Bxc6
Bxc6 9. Nc3 h6 10. Be3 Qd7 11. Nd5 Bg7 12. Qb4 Ne7 13. Rad1 b6 14. Nh4 Bxd5 15.
exd5 g5 16. Nf3 O-O-O 17. a4 a5 18. Qc4 Kb7 19. Nd4 f5 20. Ne6 Rdg8 21. Nxg7
Rxg7 22. Bd4 Rhg8 23. Bxg7 Rxg7 24. Rfe1 Ng6 25. Re6 Ne5 26. Qd4 h5 27. f4 gxf4
28. Qxf4 Rg4 29. Qxf5 Qg7 30. Rd2 Rg5 31. Qh3 Rg4 32. Rf2 Qg5 33. Ref6 Rxa4 34.
Rf8 Ng4 35. R8f5 Ra1+ 36. Rf1 Qxf5 37. Rxa1 Qf2+ 38. Kh1 Qxc2 39. Qc3 Qxc3 40.
bxc3 b5 41. Rxa5 Kb6 42. Ra2 Ne3 43. Rd2 Kc5 44. Kg1 Nxd5 45. Rc2 Kc4 46. Kf2
Nxc3 47. Ke3 Kb3 48. Kd3 b4 49. Rf2 c5 50. Rf5 d5 51. Rxh5 c4+ 52. Kd2 d4 53. g4
Ne4+ 54. Kc1 d3 55. Rh3 Ka2 56. Re3 b3 57. Rxe4 b2+ 58. Kd2 b1=Q 59. Rxc4 Qb5
60. Kxd3 Kb3 61. g5 Qxc4+ {White resigns} 0-1

[Event "Team 45 45 League T96"]
[Site "Internet Chess Club"]
[Date "2023.07.02"]
[Round "8"]
[White "Signofthetimes"]
[Black "AlWynJones"]
[Result "1-0"]
[WhiteElo "1634"]
[BlackElo "1477"]
[Opening "Sicilian"]
[ECO "B50"]
[Time "11:00:25"]
[PlyCount "111"]
[TimeControl "2700+45"]

1. e4 c5 2. Nf3 d6 3. Bc4 e6 4. Nc3 Nf6 5. d4 cxd4 6. Qxd4 Nc6 7. Bb5 Bd7 8.
Bxc6 Bxc6 9. Bg5 Be7 10. O-O-O Qb6 11. Qxb6 axb6 12. Rhe1 O-O-O 13. Nd4 h6 14.
Nxc6 bxc6 15. Be3 Kb7 16. h3 b5 17. f4 b4 18. e5 bxc3 19. exf6 Bxf6 20. b3 d5
21. Rd3 d4 22. Bf2 c5 23. Kd1 Ra8 24. a4 Kc6 25. Ke2 Rhb8 26. g4 c4 27. bxc4
Rxa4 28. Bxd4 Rxc4 29. Bxf6 Re4+ 30. Re3 Rxe3+ 31. Kxe3 gxf6 32. Kd3 Ra8 33. Rb1
Ra4 34. Rf1 Kd5 35. g5 hxg5 36. fxg5 Rh4 37. Kxc3 Rxh3+ 38. Kb4 f5 39. c4+ Kc6
40. Ra1 Rg3 41. Ra7 Rxg5 42. Rxf7 e5 43. Rf6+ Kc7 44. Kc5 e4 45. Rf7+ Kc8 46.
Kd4 Kd8 47. c5 Ke8 48. Ra7 Rg6 49. Ke5 e3 50. Ra2 Rc6 51. Kd5 f4 52. Kxc6 f3 53.
Ra3 e2 54. Re3+ Kf7 55. Rxf3+ Kg6 56. Re3 {Black resigns} 1-0

[Event "Team 45 45 League T96"]
[Site "Internet Chess Club"]
[Date "2023.07.03"]
[Round "8"]
[White "fireball"]
[Black "scostanzo212"]
[Result "1-0"]
[WhiteElo "1553"]
[BlackElo "1524"]
[Opening "Sicilian: Smith-Morra gambit"]
[ECO "B21"]
[Time "09:01:12"]
[PlyCount "43"]
[TimeControl "2700+45"]

1. e4 c5 2. d4 cxd4 3. c3 d5 4. exd5 Qxd5 5. cxd4 Nc6 6. Nf3 Nf6 7. Nc3 Qa5 8.
d5 Nb4 9. Bb5+ Bd7 10. Bxd7+ Nxd7 11. O-O Nf6 12. d6 Rd8 13. Bf4 Qf5 14. Qa4+
Nc6 15. Ne5 Rxd6 16. Nb5 Nd5 17. Nxd6+ exd6 18. Nxc6 Qxf4 19. Rfe1+ Kd7 20. Nb4+
Kd8 21. Re8+ Kc7 22. Nxd5# {Black checkmated} 1-0

[Event "Team 45 45 League T96"]
[Site "Internet Chess Club"]
[Date "2023.06.30"]
[Round "8"]
[White "Kingofknights"]
[Black "vollmerj"]
[Result "1/2-1/2"]
[WhiteElo "1493"]
[BlackElo "1506"]
[Opening "King's Indian: Sämisch, 5...O-O"]
[ECO "E81"]
[Time "16:00:07"]
[PlyCount "80"]
[TimeControl "2700+45"]

1. d4 Nf6 2. c4 g6 3. f3 Bg7 4. e4 d6 5. Nc3 O-O 6. Bg5 Nbd7 7. Nh3 e5 8. d5 Nc5
9. Nf2 h6 10. Be3 Ncd7 11. Qd2 g5 12. Bd3 Nh5 13. O-O-O Nf4 14. Bf1 b6 15. g3
Ng6 16. h4 gxh4 17. gxh4 Nf4 18. Nd3 Nxd3+ 19. Bxd3 Kh7 20. f4 Nc5 21. Bc2 f5
22. b4 Nxe4 23. Nxe4 fxe4 24. Bxe4+ Bf5 25. Qd3 Qf6 26. Bxf5+ Qxf5 27. fxe5 Qxd3
28. Rxd3 Bxe5 29. Kd2 a5 30. b5 Rf3 31. Bd4 Rxd3+ 32. Kxd3 Bxd4 33. Kxd4 Rg8 34.
Re1 Rg4+ 35. Re4 Rxe4+ 36. Kxe4 Kg6 37. Kf4 h5 38. a4 Kf6 39. Ke4 Kg6 40. Kf4
Kf6 {Game drawn by mutual agreement} 1/2-1/2

[Event "Team 45 45 League T96"]
[Site "Internet Chess Club"]
[Date "2023.06.30"]
[Round "8"]
[White "ChessG2011"]
[Black "kingphisch"]
[Result "1-0"]
[WhiteElo "1436"]
[BlackElo "1294"]
[Opening "Caro-Kann: advance variation"]
[ECO "B12"]
[Time "17:00:17"]
[PlyCount "87"]
[TimeControl "2700+45"]

1. e4 c6 2. d4 d5 3. e5 Bf5 4. Bd3 Bxd3 5. Qxd3 e6 6. Nf3 Nd7 7. O-O Ne7 8. Re1
c5 9. c3 Nc6 10. Nbd2 cxd4 11. cxd4 Be7 12. Nb3 a6 13. Be3 O-O 14. a3 f6 15. Bf4
Rc8 16. Rac1 Re8 17. exf6 Bxf6 18. Nc5 Nxc5 19. Rxc5 Qb6 20. b4 Kf7 21. Ng5+
Bxg5 22. Bxg5 Qc7 23. Qf3+ Kg8 24. Qg4 Qf7 25. Re3 Qf5 26. Qxf5 exf5 27. Rxd5
Rxe3 28. Bxe3 Re8 29. h3 g6 30. Rd7 Re7 31. Rxe7 Nxe7 32. Kf1 Nd5 33. Ke2 f4 34.
Bd2 Kf7 35. Kd3 Ke6 36. Ke4 g5 37. h4 h6 38. hxg5 hxg5 39. g3 b5 40. gxf4 gxf4
41. Bxf4 Nxf4 42. Kxf4 Kd5 43. Ke3 Ke6 44. Ke4 {Black resigns} 1-0

[Event "Team 45 45 League T96"]
[Site "Internet Chess Club"]
[Date "2023.06.29"]
[Round "8"]
[White "chesskix"]
[Black "BlueStorm"]
[Result "0-1"]
[WhiteElo "1366"]
[BlackElo "1518"]
[Opening "English: Bremen, Smyslov system"]
[ECO "A22"]
[Time "20:00:06"]
[PlyCount "120"]
[TimeControl "2700+45"]

1. c4 e5 2. Nc3 Nf6 3. g3 Bb4 4. Bg2 Bxc3 5. dxc3 c6 6. Bg5 h6 7. Bxf6 Qxf6 8.
e3 O-O 9. Nf3 d6 10. h3 Be6 11. Nd2 Qe7 12. b3 Na6 13. Ne4 Rad8 14. Qc2 d5 15.
Nd2 dxc4 16. Nxc4 Bxc4 17. bxc4 Rd6 18. O-O Rfd8 19. Rad1 Nc5 20. Rxd6 Rxd6 21.
Be4 Nxe4 22. Qxe4 Rd2 23. a4 f6 24. Ra1 Qd7 25. Kg2 Qd3 26. Qxd3 Rxd3 27. Ra3
Kf7 28. Kf3 f5 29. Ke2 Rd7 30. a5 Ke6 31. h4 Kd6 32. Rb3 g6 33. Rb2 Kc5 34. Rb4
b6 35. a6 b5 36. cxb5 cxb5 37. Rb1 Rd6 38. Ra1 e4 39. Ra3 Kc4 40. Ra1 Rd3 41.
Rc1 Rxc3 42. Rxc3+ Kxc3 43. Kd1 Kd3 44. Kc1 Ke2 45. Kb2 Kxf2 46. Kb3 Kxe3 47.
Kb4 Kd3 48. Kxb5 e3 49. Kc6 e2 50. Kb7 e1=Q 51. Kxa7 Qb4 52. Ka8 Ke4 53. a7 Qa5
54. Kb8 Kf3 55. a8=Q+ Qxa8+ 56. Kxa8 Kxg3 57. Kb7 f4 58. Kc6 f3 59. Kd5 Kxh4 60.
Ke4 f2 {White resigns} 0-1

[Event "Team 45 45 League T96"]
[Site "Internet Chess Club"]
[Date "2023.07.03"]
[Round "8"]
[White "BrerRabbit"]
[Black "Denis240964"]
[Result "1-0"]
[WhiteElo "1414"]
[BlackElo "1328"]
[Opening "Queen's pawn game, Darooha variation "]
[ECO "E06"]
[Time "11:03:24"]
[PlyCount "121"]
[TimeControl "2700+45"]

1. d4 d5 2. Nf3 Nf6 3. g3 e6 4. Bg2 Be7 5. O-O O-O 6. c4 dxc4 7. Qc2 a6 8. a4 c6
9. Qxc4 b5 10. Qc2 Bb7 11. Nbd2 Nbd7 12. Nb3 Rc8 13. Nc5 Nxc5 14. dxc5 Nd5 15.
Rd1 Qe8 16. Be3 Nxe3 17. fxe3 Bf6 18. Ra3 Qe7 19. b4 Rfd8 20. Rad3 Qc7 21. Nd4
g6 22. Nb3 bxa4 23. Na5 Ba8 24. Qxa4 Bb7 25. Rxd8+ Bxd8 26. Nxc6 Bg5 27. Na5
Bxe3+ 28. Kf1 Bxg2+ 29. Kxg2 Qe7 30. Qd7 Qe8 31. Qxe8+ Rxe8 32. Nc4 Bg5 33. Rd6
Rb8 34. Rb6 Ra8 35. Rb7 Bd8 36. Nb6 Bxb6 37. Rxb6 Kf8 38. c6 Ke8 39. c7 Rc8 40.
Rxa6 Kd7 41. Ra7 Rxc7 42. Rxc7+ Kxc7 43. Kf3 Kc6 44. Ke4 f6 45. Kd4 Kb6 46. Kc4
Kc6 47. e4 f5 48. exf5 exf5 49. h3 g5 50. Kd4 h6 51. Ke5 g4 52. hxg4 fxg4 53.
Kf5 h5 54. Kg5 h4 55. Kxh4 Kb5 56. Kxg4 Kxb4 57. Kf5 Kc5 58. g4 Kd6 59. Kf6 Kd7
60. Kf7 Kd6 61. g5 {Black resigns} 1-0

[Event "Team 45 45 League T96"]
[Site "Internet Chess Club"]
[Date "2023.07.03"]
[Round "8"]
[White "tamky70"]
[Black "smsxman"]
[Result "1-0"]
[WhiteElo "1346"]
[BlackElo "1415"]
[Opening "QGD Slav defense"]
[ECO "D10"]
[Time "14:00:53"]
[PlyCount "79"]
[TimeControl "2700+45"]

1. d4 d5 2. c4 c6 3. Qc2 Nf6 4. Nf3 e6 5. e3 g6 6. Nc3 Bb4 7. a3 Qa5 8. Bd2 Bxc3
9. Bxc3 Qd8 10. Nd2 Nbd7 11. Be2 a6 12. e4 b5 13. e5 Ng8 14. c5 f6 15. Nf3 a5
16. Bd3 f5 17. Bd2 Bb7 18. Bg5 Qc8 19. Qd2 b4 20. axb4 axb4 21. Rxa8 Qxa8 22.
O-O h6 23. Be3 Qa4 24. Nh4 Kf7 25. Re1 g5 26. Nxf5 Ba6 27. Nd6+ Kf8 28. Bxa6
Qxa6 29. Qxb4 Ne7 30. g4 Kg7 31. f4 Rb8 32. Qc3 Qa2 33. fxg5 Rxb2 34. gxh6+ Kh7
35. Qd3+ Ng6 36. Qf1 Ndxe5 37. dxe5 Nxe5 38. Bd4 Rxh2 39. Bxe5 Kxh6 40. Qf6+
{Black resigns} 1-0